Map: Backwater LE

Players

alfonso - Winner!

  • Race: Zerg Zerg
  • League: Diamond
  • Spawn Location: 5:00

Pukimon

  • Race: Protoss Protoss
  • Spawn Location: 11:00

VOD

Have the link to the VOD?

Description

Time

  • Played on: April 26, 2018, 10:53 p.m.
  • Length: 14:21
Show
View Real Time Build Order
Export as new Build Order

alfonso Zerg - Winner!

Build Orders: 3 Hatch before Pool 

Get SALT Encoding   

  12  0:02  Drone  
  13  0:09  Drone  
  14  0:18  Extractor x2, Drone  
  13  0:22  Drone  
  16  0:45  Hatchery  
  15  1:10  Hatchery  
  14  1:12  Overlord  
  14  1:33  Spawning Pool  
  14  1:36  Drone  
  14  1:45  Drone  
  14  1:46  Drone  
  16  1:59  Drone  
  17  2:05  Drone  
  18  2:10  Drone  
  19  2:19  Queen  
  19  2:22  Queen  
  23  2:24  Zergling x4  
  23  2:25  Zergling x2  
  26  2:41  Zergling x8  
  26  2:42  Zergling x2  
  31  2:55  Overlord x2  
  31  3:00  Extractor  
  31  3:01  Extractor, Drone  
  31  3:02  Drone  
  31  3:14  Drone x4  
  35  3:25  Drone  
  35  3:26  Drone x3  
  38  3:36  Baneling Nest  
  38  3:37  Drone  
  38  3:38  Drone  
  39  3:47  Drone  
  39  3:48  Drone x2  
  42  3:52  Overlord  
  42  3:59  Spore Crawler  
  42  4:02  Spore Crawler  
  40  4:05  Metabolic Boost  
  40  4:08  Zergling x2  
  40  4:09  Zergling x2  
  42  4:22  Drone x5  
  42  4:23  Drone  
  48  4:26  Baneling x3  
  48  4:27  Baneling  
  48  4:28  Baneling  
  48  4:35  Zergling x4  
  43  5:07  Zergling x12  
  43  5:08  Zergling x2  
  43  5:10  Overlord x2  
  50  5:22  Lair  
  50  5:25  Overlord  
  50  5:26  Overlord x2  
  50  5:28  Queen x2  
  54  5:43  Baneling x10  
  54  5:44  Baneling  
  54  5:46  Zergling x2  
  54  5:47  Zergling x10  
  57  6:12  Drone  
  57  6:13  Drone x8  
  66  6:21  Extractor  
  66  6:23  Extractor  
  64  6:25  Hydralisk Den  
  63  6:34  Evolution Chamber  
  63  6:35  Evolution Chamber  
  48  6:54  Zergling x2  
  48  6:55  Zergling x24  
  55  7:07  Queen x2  
  57  7:09  Hydralisk x3  
  57  7:12  Zerg Missile Weapons Level 1, Zerg Ground Armor Level 1  
  57  7:13  Drone  
  57  7:14  Drone  
  64  7:34  Spawning Pool  
  63  7:41  Drone x7  
  70  7:51  Drone x2  
  72  7:56  Drone x3  
  75  8:09  Hydralisk  
  77  8:22  Spore Crawler  
  76  8:28  Drone x6  
  76  8:29  Drone x2  
  76  8:31  Extractor x2  
  82  8:49  Hatchery  
  82  8:51  Muscular Augments  
  72  9:23  Zergling x2  
  72  9:24  Zergling x28  
  82  9:29  Zerg Missile Weapons Level 2, Zerg Ground Armor Level 2  
  85  9:31  Drone  
  85  9:40  Spore Crawler  
  84  9:46  Zergling x2  
  84  9:47  Zergling x8  
  89  9:57  Drone  
  90  10:11  Hatchery x2  
  87  10:15  Drone  
  87  10:16  Drone x2  
  87  10:17  Overlord  
  87  10:18  Overlord x2  
  87  10:19  Overlord x2  
  90  10:33  Overlord x3  
  90  10:36  Drone  
  91  10:48  Drone  
  91  10:49  Drone x2  
  94  10:58  Grooved Spines  
  94  11:07  Lurker Den  
  94  11:10  Zergling x4  
  94  11:11  Zergling x8  
  99  11:13  Drone x2  
  100  11:27  Baneling  
  100  11:28  Baneling x8  
  93  11:54  Hydralisk  
  93  11:55  Hydralisk x21  
  129  12:09  Spine Crawler  
  129  12:10  Spine Crawler x2  
  129  12:15  Drone x5  
  130  12:16  Drone  
  132  12:33  Baneling x8  
  132  12:34  Baneling x10  
  132  12:39  Lurker x2  
  125  13:20  Zergling x2  
  125  13:21  Zergling x8  
  125  13:23  Overlord  
  125  13:24  Overlord x7  
  111  13:51  Zergling x2  
  111  13:52  Zergling x28  
  122  13:58  Drone  
  123  14:13  Hatchery  
Show
View Real Time Build Order
Export as new Build Order

Pukimon Protoss 

Build Orders: 1 Gate Expand 

Get SALT Encoding   

  12  0:02  Probe  
  13  0:14  Probe  
  13  0:19  Pylon  
  14  0:26  Probe  
  15  0:38  Probe  
  16  0:46  Gateway  
  16  0:49  Probe  
  16  0:53  Assimilator  
  17  0:57  Probe  
  18  1:05  Probe  
  19  1:17  Probe  
  20  1:30  Nexus  
  20  1:46  Cybernetics Core  
  20  1:51  Probe  
  21  1:54  Assimilator  
  21  1:58  Pylon  
  21  2:03  Probe  
  22  2:14  Stalker  
  22  2:15  Probe  
  22  2:16  Warp Gate  
  25  2:39  Probe  
  26  2:46  Robotics Facility  
  26  2:51  Probe  
  26  2:53  Probe  
  27  3:00  Adept  
  27  3:03  Probe  
  27  3:05  Probe  
  31  3:13  Gateway  
  31  3:19  Probe  
  33  3:20  Probe  
  33  3:28  Immortal  
  33  3:30  Pylon  
  37  3:46  Pylon  
  37  3:51  Gateway  
  37  3:55  Gateway  
  37  3:59  Probe x2  
  39  4:06  Sentry  
  39  4:07  Sentry  
  43  4:11  Probe  
  44  4:17  Immortal  
  48  4:27  Probe x2  
  50  4:35  Pylon  
  50  4:39  Probe  
  50  4:40  Probe  
  48  4:58  Nexus  
  46  5:02  Pylon  
  46  5:05  Warp Prism  
  46  5:23  Stalker  
  46  5:27  Adept x2  
  46  5:28  Adept  
  54  5:30  Probe  
  54  5:31  Probe  
  54  5:35  Shield Battery  
  56  5:38  Shield Battery  
  56  5:42  Pylon  
  56  5:43  Probe x2  
  58  5:53  Stalker  
  58  5:54  Stalker  
  58  5:55  Probe  
  63  6:10  Immortal  
  67  6:14  Adept x2  
  71  6:19  Probe x3  
  74  6:29  Assimilator  
  74  6:31  Probe x2  
  76  6:41  Stalker  
  66  6:50  Immortal  
  66  6:52  Adept  
  66  6:53  Adept x2  
  70  6:58  Probe x3  
  70  7:11  Probe x3  
  73  7:37  Stalker  
  73  7:38  Stalker x2  
  73  7:39  Probe x3  
  82  7:51  Probe  
  83  7:59  Gateway  
  83  8:01  Gateway  
  83  8:03  Gateway  
  83  8:04  Stargate  
  83  8:05  Robotics Bay  
  83  8:06  Twilight Council  
  83  8:17  Forge  
  83  8:18  Forge  
  83  8:29  Immortal  
  83  8:30  Stalker x3  
  83  8:31  Stalker  
  95  8:47  Pylon  
  95  8:59  Stalker  
  95  9:00  Stalker x2  
  83  9:17  Probe x3  
  86  9:29  Probe x3  
  89  9:33  Fleet Beacon  
  89  9:36  Charge  
  89  9:41  Probe x2  
  89  9:44  Immortal  
  85  10:00  Stalker  
  85  10:01  Stalker x4  
  95  10:14  Warp Prism  
  95  10:16  Shield Battery  
  95  10:23  Photon Cannon  
  95  10:25  Adept, Photon Cannon  
  95  10:26  Adept  
  101  10:28  Adept  
  101  10:29  Adept x3, Photon Cannon  
  109  10:37  Protoss Ground Armor Level 1  
  109  10:44  Assimilator  
  109  10:48  Assimilator  
  109  10:51  Assimilator  
  109  11:15  Pylon  
  109  11:16  Pylon  
  109  11:18  Pylon x2  
  109  11:20  Pylon  
  109  11:22  Pylon x2  
  109  11:34  Observer  
  110  11:44  Shield Battery, Photon Cannon  
  110  11:55  Zealot, Observer  
  110  11:56  Zealot  
  110  11:57  Zealot  
  110  11:58  Templar Archives  
  113  12:02  Adept  
  113  12:04  Adept  
  117  12:24  Zealot  
  117  12:25  Zealot x4  
  117  12:26  Zealot x2  
  115  12:34  Warp Prism  
  75  13:22  Stargate  
  75  13:23  Stargate  
  75  13:32  Stalker x6  
  75  13:33  Stalker  
Tags
 
Add a new tag
Caveats
  • Supply blocks, unpowered buildings, or Contaminate may cause inaccurate times.
  • Supply counts are checked every 10 seconds.